 Dungeon Crawl Stone Soup version 0.20.0-15-g7f486f2 (console) character file.

67 removed the Grave Robber (level 4, -5/21 HPs)
             Began as a Spriggan Necromancer on June 9, 2017.
             Killed by divine providence
             ... invoked by an orc priest
              (15 damage)
             ... on level 3 of the Dungeon.
             The game lasted 00:02:27 (2404 turns).

removed the Grave Robber (Spriggan Necromancer)     Turns: 2404, Time: 00:02:28

Health: -5/21      AC:  2    Str:  4    XL:     4   Next: 0%
Magic:  1/11       EV: 18    Int: 17    God:
Gold:   167        SH:  0    Dex: 16    Spells: 10/11 levels left

rFire    . . .     SeeInvis +   a - +0 quarterstaff
rCold    . . .     Gourm    .   (shield currently unavailable)
rNeg     . . .     Faith    .   g - +0 robe
rPois    .         Spirit   .   (helmet restricted)
rElec    .         Reflect  .   (no cloak)
rCorr    .         Harm     .   (gloves unavailable)
MR       .....                  (boots unavailable)
Stlth    ++........             (no amulet)
Regen    0.1/turn               (no ring)
MPRegen  0.2/turn               (no ring)

@: very quick
A: unfitting armour, see invisible, herbivore 3, speed 3, slow metabolism 2
a: no special abilities


You were on level 3 of the Dungeon.
You were not hungry.

You visited 1 branch of the dungeon, and saw 3 of its levels.

You collected 167 gold pieces.

Inventory:

Hand Weapons
 a - a +0 quarterstaff (weapon)
 f - a +0 short sword
Armour
 g - a +0 robe (worn)
Scrolls
 h - a scroll of identify {unknown}
 j - a scroll of remove curse {unknown}
Potions
 e - 2 potions of flight {unknown}
 i - a potion of magic {unknown}
Books
 b - a book of Necromancy

   Spells                             Type                      Level
   a - Pain                           Necromancy                   1
   b - Animate Skeleton               Necromancy                   1
   c - Vampiric Draining              Necromancy                   3
   d - Regeneration                   Charms/Necromancy            3
   e - Animate Dead                   Necromancy                   4
   f - Control Undead                 Necromancy                   4
Comestibles
 c - 3 bread rations
 d - a fruit


   Skills:
 - Level 3.0 Dodging
 - Level 3.0 Stealth
 + Level 4.0 Spellcasting
 + Level 4.4 Necromancy


You had 10 spell levels left.
You knew the following spells:

 Your Spells              Type           Power        Failure   Level  Hunger
a - Pain                  Necr           ###.         2%          1    None


Dungeon Overview and Level Annotations

Branches:
Dungeon (3/15)

Altars:
Xom
The Shining One


Innate Abilities, Weirdness & Mutations

You are very small and have problems with some larger weapons.
You are too small for most types of armour.
You have supernaturally acute eyesight. (SInv)
You are a herbivore.
You cover ground extremely quickly.
You need consume almost no food.


Message History

(m)acro, (M)acro raw, keymap [(k) default, (x) level-map, (t)argeting, (c)onfirm, m(e)nu], (s)ave?
Aborting.
Casting: Pain
Confirm with . or Enter, or press ? or * to list all spells.
Aiming: Pain
Press: ? - help, Shift-Dir - straight line, f - orc priest
Aim: an orc priest (hasn't noticed you, chance to defeat MR: 78%)
The orc priest shouts!
The orc priest barely resists.
The orc priest invokes the aid of Beogh against you.
Beogh smites you!
Ouch! That really hurt!
You die...
Xom chortles!

### #### #......#
#### #.#.##.#oo.o
#.....†#%o####
#.#....o.....#
###########.####)#
..#.............†#
#.#.##........##.#
#...##.###.#....@#
######.##.###.####
#.#.## ##.##
######.<## ##.#
.......#.## ##.##
.......##.###.##
.......###.#...#...
.......#
##..†......
......## #....#.>..


You could see an orc priest.

Vanquished Creatures
  3 adders
  3 orcs (D:3)
  2 bats (D:2)
  4 giant cockroaches
  4 goblins
  2 hobgoblins
  6 kobolds
  5 frilled lizards
  10 rats
39 creatures vanquished.

Notes
Turn   | Place    | Note
-------+----------+-------------------------------------------
     0 | D:1      | removed the Spriggan Necromancer began the quest for the Orb.
     0 | D:1      | Reached XP level 1. HP: 9/9 MP: 5/5
   578 | D:1      | Reached XP level 2. HP: 10/13 MP: 2/7
  1632 | D:2      | Reached XP level 3. HP: 13/16 MP: 3/9
  1874 | D:2      | Found a faded altar of an unknown god.
  1890 | D:2      | Became a worshipper of Xom of Chaos
  1897 | D:2      | Fell from the grace of Xom
  2127 | D:2      | Found a glowing golden altar of the Shining One.
  2403 | D:3      | Reached XP level 4. HP: 12/21 MP: 2/11
  2404 | D:3      | Killed from afar by an orc priest

Skill      XL: |  1  2  3 |
---------------+----------+-----
Spellcasting   | 3 4 |  4.0
Necromancy     | 4 |  4.4
Dodging        | |  3.0
Stealth        | |  3.0

Action                   |  1- 3 |  4- 6 || total
-------------------------+-------+-------++-------
 Cast: Pain              |    73 |     2 ||    75
Invok: Renounce Religion |     1 |       ||     1
Armor: Robe              |     1 |       ||     1
Dodge: Dodged            |     3 |       ||     3
